Map: Magannatha LE

Players

KarlKoch

  • Race: Zerg Zerg
  • League: Master
  • Spawn Location: 11:00

ManlyManMeat - Winner!

  • Race: Zerg Zerg
  • League: Diamond
  • Spawn Location: 5:00

VOD

Have the link to the VOD?

Description

Time

  • Played on: July 1, 2025, 2:16 p.m.
  • Length: 6:01
Show
View Real Time Build Order
Export as new Build Order

KarlKoch Zerg 

Build Orders: Hatch First 

Get SALT Encoding   

  12  0:00  Drone  
  13  0:12  Overlord  
  13  0:17  Drone  
  14  0:30  Drone x2  
  16  0:36  Drone  
  17  0:51  Hatchery  
  17  0:53  Drone  
  17  0:57  Drone  
  18  1:08  Extractor  
  17  1:12  Spawning Pool  
  17  1:13  Drone  
  17  1:17  Drone  
  18  1:28  Drone  
  19  1:58  Drone  
  19  1:59  Drone  
  21  2:01  Drone  
  21  2:02  Queen  
  21  2:04  Drone, Queen  
  27  2:13  Overlord  
  27  2:17  Drone  
  28  2:33  Drone x2  
  28  2:34  Drone  
  31  2:38  Overlord  
  31  2:39  Queen  
  33  2:45  Lair  
  33  2:55  Drone x3  
  36  3:01  Drone  
  37  3:14  Drone x2  
  39  3:22  Roach Warren  
  39  3:23  Drone x4  
  39  3:24  Drone x2, Evolution Chamber  
  43  3:30  Evolution Chamber  
  43  3:32  Drone x2  
  44  3:37  Extractor  
  44  3:38  Extractor  
  44  3:40  Drone  
  44  3:41  Overlord, Extractor  
  42  3:52  Spine Crawler  
  41  3:59  Spine Crawler  
  44  4:02  Roach  
  44  4:03  Roach x4  
  44  4:06  Glial Reconstitution  
  50  4:10  Drone  
  50  4:11  Drone  
  52  4:25  Overlord  
  52  4:27  Overlord  
  52  4:28  Overlord x2  
  52  4:29  Overlord  
  50  4:51  Evolution Chamber  
  43  4:53  Drone x2  
  43  4:54  Drone x2  
  43  4:56  Roach  
  43  4:57  Roach x3  
  36  5:17  Roach x5  
  34  5:35  Evolution Chamber  
  34  5:38  Roach x4  
Show
View Real Time Build Order
Export as new Build Order

ManlyManMeat Zerg - Winner!

Build Orders: Hatch First, Zergling Baneling 

Get SALT Encoding   

  12  0:00  Drone  
  13  0:07  Drone  
  14  0:14  Extractor  
  14  0:15  Drone  
  15  0:21  Overlord  
  15  0:42  Drone  
  16  0:47  Hatchery  
  15  0:50  Drone  
  15  0:54  Drone  
  17  0:57  Drone  
  18  1:09  Extractor  
  17  1:15  Spawning Pool  
  17  1:17  Drone  
  17  1:21  Drone  
  18  1:26  Drone  
  19  1:37  Drone  
  20  2:01  Queen x2  
  20  2:03  Zergling x4  
  20  2:05  Overlord  
  26  2:10  Metabolic Boost  
  26  2:17  Drone x2  
  28  2:27  Drone x2  
  30  2:43  Hatchery  
  29  2:45  Drone  
  29  2:47  Drone  
  31  2:53  Baneling Nest  
  30  2:58  Drone  
  30  2:59  Drone  
  31  3:24  Overlord x2  
  31  3:25  Zergling x2  
  31  3:26  Zergling x6  
  35  3:44  Zergling x12  
  41  3:54  Zergling x12  
  47  3:57  Baneling x2  
  47  3:58  Baneling x6  
  47  4:00  Zergling x4  
  49  4:04  Zergling x2  
  49  4:06  Zergling x2  
  51  4:14  Zergling x4  
  53  4:18  Zergling x2  
  54  4:29  Zergling x8  
  54  4:30  Overlord x2  
  47  4:45  Zergling x2  
  47  4:46  Zergling x10  
  49  4:57  Queen  
  49  4:59  Zergling x8  
  53  5:07  Zergling x4  
  53  5:08  Zergling x2  
  53  5:13  Zergling x6  
  57  5:26  Zergling x8  
  59  5:41  Zergling x2  
  59  5:42  Zergling x8  
Tags
 
Add a new tag
Caveats
  • Supply blocks, unpowered buildings, or Contaminate may cause inaccurate times.
  • Supply counts are checked every 10 seconds.